 Dungeon Crawl Stone Soup version 0.29-a0-998-g1987434951 (webtiles) character file.

Game seed: 17487471035691882028

504 IdlyInterested the Cudgeller (level 6, -2/75 HPs)
             Began as a Demonspawn Fighter on Aug 5, 2022.
             Slain by a yak (11 damage)
             ... on level 5 of the Dungeon.
             The game lasted 00:12:33 (5725 turns).

IdlyInterested the Cudgeller (Demonspawn Fighter)   Turns: 5725, Time: 00:12:33

Health: -2/75      AC: 12    Str: 16    XL:     6   Next: 96%
Magic:  7/7        EV:  5    Int: 18    God:
Gold:   168        SH:  9    Dex: 12    Spells: 7/7 levels left

rFire   . . .      SeeInvis .   a - +0 flail
rCold   . . .      Faith    .   i - +1 kite shield
rNeg    . . .      Spirit   .   u - +0 chain mail
rPois   .          Reflect  .   (no helmet)
rElec   .          Harm     .   f - +0 cloak
rCorr   .          Rampage  .   (no gloves)
Will    .....                   (no boots)
Stlth   ..........              (no amulet)
HPRegen 0.22/turn               m - +6 ring of intelligence
MPRegen 0.10/turn               (no ring)

@: berserking, very quick
A: rugged brown scales 2
a: no special abilities


You were on level 5 of the Dungeon.
You visited 2 branches of the dungeon, and saw 6 of its levels.

You collected 168 gold pieces.

Inventory:

Hand Weapons
 a - a +0 flail (weapon)
 t - the +6 short sword "Vil Sirgh" {drain, rPois rF+ MP+9}
   (You found it on level 5 of the Dungeon)

   A truly terrible weapon, it drains the life of any living foe it strikes.
   rF:        It protects you from fire.
   rPois:     It protects you from poison.
   MP:        It affects your magic capacity (+9).
Armour
 c - a +0 buckler
 f - a +0 cloak (worn)
 i - a +1 kite shield (worn)
 u - a +0 chain mail (worn)
Jewellery
 m - a +6 ring of intelligence (left hand)
Wands
 o - a wand of charming (8)
 s - a wand of flame (16)
Scrolls
 v - a scroll of immolation
Potions
 d - a potion of might
 e - a potion of attraction
 g - a potion of lignification
 h - 2 potions of mutation {unknown}
 k - a potion of invisibility {unknown}
 n - a potion of heal wounds {unknown}
 p - a potion of haste {unknown}
 q - a potion of cancellation {unknown}


   Skills:
 + Level 3.9 Fighting
 * Level 5.8 Maces & Flails
 - Level 1.0 Throwing
 - Level 2.6 Armour
 - Level 1.0 Dodging
 - Level 1.0 Stealth
 - Level 2.6 Shields
 - Level 1.0 Spellcasting
 - Level 1.0 Evocations


You had 7 spell levels left.
You didn't know any spells.
Your spell library contained the following spells:

 Spells                   Type           Power      Damage    Failure   Level
 Conjure Flame            Conj/Fire      0%         6-21      100%        3
 Gell's Gravitas          Tloc           0%         N/A       100%        3
 Ignite Poison            Fire/Tmut/Pois 0%         N/A       100%        3
 Lesser Beckoning         Tloc           0%         N/A       100%        3
 Teleport Other           Tloc           0%         N/A       100%        3
 Animate Armour           Summ/Erth      0%         N/A       100%        4
 Sticky Flame             Conj/Fire      0%         2d3       100%        4
 Blade Hands              Tmut           0%         N/A       100%        5
 Dispersal                Tloc           0%         N/A       100%        6
 Iron Shot                Conj/Erth      0%         9d1       100%        6


Dungeon Overview and Level Annotations

Branches:
Dungeon (5/15)             Temple (1/1) D:4

Altars:
Fedhas
Gozag
Hepliaklqana
Kikubaaqudgha
Okawaru
Qazlal
Ru
Sif Muna
Trog
Uskayaw
Wu Jian
Xom
Yredelemnul


Innate Abilities, Weirdness & Mutations

You are mostly covered in rugged brown scales. (AC +2, +5% HP)


Message History

You block the hound's attack. The hound bites you.
You hit the hound but do no damage.
The hound is almost dead.
The hound bites you. You block the hound's attack.
You barely miss the hound.
The hound is almost dead.
The hound bites you but does no damage. The hound barely misses you.
You closely miss the hound.
The hound is almost dead.
The hound bites you.
You barely miss the hound.
The hound is almost dead.
The hound bites you. The hound barely misses you.
You sock the hound!
You kill the hound!
A yak comes into view.
You catch the helpless yak completely off-guard!
You hit the yak.
The yak is lightly wounded.
The yak barely misses you.
You closely miss the yak.
The yak is lightly wounded.
The yak gores you!
You hit the yak.
The yak is lightly wounded.
The yak gores you!
A red film seems to cover your vision as you go berserk!
You feel yourself moving faster!
You feel mighty! The yak gores you.
You barely miss the yak.
The yak is lightly wounded.
The yak gores you!
* * * LOW HITPOINT WARNING * * *
You barely miss the yak.
The yak is lightly wounded.
The yak gores you!
* * * LOW HITPOINT WARNING * * *
You sock the yak!
The yak is heavily wounded.
The yak gores you!
You die...

.....#.........#
#.##.....#.###.#
#.##.......# #.#
#......#.#####.#
####..<.....####
#.....รท..##.###.
#.##..#......#.. #
#.....##.##.###
##<#..##..#.#@#
#.###........#.Y#.#
#............#.###.#
#####.##.##..#..# ##
#.##.##..#.##
#.##.##.##..#
#.##.##.##.##
#..........#
####..####.#


You could see a yak.

Vanquished Creatures
  An ogre (D:4)
  A necrophage (D:5)
  A scorpion (D:4)
  3 hounds
  2 iguanas (D:4)
  7 adders
  2 worms
  A dart slug (D:3)
  4 orcs
  10 ball pythons
  6 bats
  5 endoplasms
  4 giant cockroaches
  11 hobgoblins
  4 jackals
  6 quokkas
  4 frilled lizards
  10 goblins
  5 kobolds
  3 rats
90 creatures vanquished.

Notes
Turn   | Place    | Note
-------+----------+-------------------------------------------
     0 | D:1      | IdlyInterested the Demonspawn Fighter began the quest for
                  | the Orb.
     0 | D:1      | Reached XP level 1. HP: 18/18 MP: 1/1
   175 | D:1      | Reached skill level 2 in Maces & Flails
   406 | D:1      | Gained mutation: You are partially covered in rugged brown
                  | scales. (AC +1, +3% HP) [demonic ancestry]
   406 | D:1      | Reached XP level 2. HP: 18/24 MP: 2/2
   701 | D:1      | Found a faded altar of an unknown god.
  1027 | D:2      | Reached skill level 1 in Dodging
  1277 | D:2      | Reached XP level 3. HP: 27/29 MP: 3/3
  1311 | D:2      | Reached skill level 3 in Maces & Flails
  1786 | D:2      | Reached skill level 1 in Stealth
  1970 | D:2      | Gained mutation: You are mostly covered in rugged brown
                  | scales. (AC +2, +5% HP) [demonic ancestry]
  1970 | D:2      | Reached XP level 4. HP: 26/36 MP: 4/4
  2873 | D:3      | Found a shimmering altar of Xom.
  2992 | D:3      | Reached skill level 1 in Spellcasting
  3102 | D:3      | Found a stormy altar of Qazlal.
  3379 | D:4      | Found a hazy altar of Hepliaklqana.
  3512 | D:4      | Noticed an ogre
  3694 | D:4      | Reached skill level 4 in Maces & Flails
  3694 | D:4      | Reached XP level 5. HP: 38/43 MP: 6/6
  3743 | D:4      | Reached skill level 1 in Evocations
  3839 | D:4      | Killed an ogre
  3840 | D:4      | Reached skill level 1 in Throwing
  4237 | D:4      | Found a staircase to the Ecumenical Temple.
  4247 | Temple   | Entered the Ecumenical Temple
  4637 | D:4      | Reached skill level 5 in Maces & Flails
  4637 | D:4      | Reached XP level 6. HP: 43/49 MP: 7/7
  5193 | D:5      | Entered Level 5 of the Dungeon
  5287 | D:5      | Identified the +6 short sword "Vil Sirgh" {drain, rPois rF+
                  | MP+9}
  5718 | D:5      | Noticed a yak
  5725 | D:5      | Slain by a yak

Illustrated notes

Levels and vault maps discovered:
D:1:      minmay_arrival_semitransparent, layout_loops_corners,
          hellmonk_ecumenical_altar_lost_god
D:2:      layout_loops_cross, grunt_decor_arrowhead, solitary_fountain,
          kennysheep_generic_room_13
D:3:      kennysheep_big_flooded_room, layout_basic,
          mainiacjoe_overflow_concentric_impassable, old_standard_altar,
          grunt_ministairs_8
D:4:      layout_basic, mainiacjoe_overflow_catwalk, temple_fountains
D:5:      layout_loops_cross, nicolae_ashenzari_panopticon,
          jmf_multi_god_temple2, minmay_small_thing
Temple:   compressed_dpeg_triangle_lava_temple

Skill      XL: |  1  2  3  4  5 |
---------------+----------------+-----
Maces & Flails | 2 3 4 5 |  5.8
Dodging        | 1 |  1.0
Stealth        | 1 |  1.0
Spellcasting   | 1 |  1.0
Evocations     | 1 |  1.0
Throwing       | 1 |  1.0
Fighting       | |  3.9
Armour         | |  2.6
Shields        | |  2.6

Action                   |  1- 3 |  4- 6 || total
-------------------------+-------+-------++-------
Melee: Flail             |   130 |   210 ||   340
  Use: Scroll            |     1 |    10 ||    11
       Potion            |       |     2 ||     2
 Stab: Distracted        |       |     1 ||     1
Armor: Scale mail        |    68 |   134 ||   202
       Chain mail        |       |     2 ||     2
Dodge: Dodged            |    60 |    80 ||   140
Block: Buckler           |     9 |       ||     9
       Kite shield       |    48 |   114 ||   162

Table legend: (Time is in decaauts)
 A = Elapsed time spent in this place.
 B = Non-inter-level travel time spent in this place.
 C = Inter-level travel time spent in this place.
 D = Time resting spent in this place.
 E = Time spent auto-exploring this place.
 F = Levels seen in this place.
 G = Mean time per level.
                   A        B        C        D        E       F      G
               +--------+--------+--------+--------+--------+-----+--------+
         Total |   5853 |   5003 |    850 |    763 |   3196 |   6 |  975.5 |
       Dungeon |   5562 |   4731 |    831 |    763 |   2934 |   5 | 1112.4 |
        Temple |    290 |    271 |     19 |      0 |    262 |   1 |  290.0 |
               +--------+--------+--------+--------+--------+-----+--------+

Top non-repeatable levels by time:
     D:4: 1646 daAuts
     D:2: 1338 daAuts
     D:3: 1128 daAuts
     D:1: 1100 daAuts
     D:5: 349 daAuts
  Temple: 290 daAuts
